 Dungeon Crawl Stone Soup version 0.31-a0-152-g6aa68a64a1 (webtiles) character file.

Game seed: 15981479705356522690

207 qw the Chopper (level 5, -2/33 HPs)
             Began as a Gargoyle Fighter on June 10, 2023.
             Slain by a gnoll
             ... wielding a +0 halberd
             ... led by a gnoll bouda
              (7 damage)
             ... on level 4 of the Dungeon.
             The game lasted 00:01:21 (2664 turns).

qw the Chopper (Gargoyle Fighter)                   Turns: 2664, Time: 00:01:21

Health: -2/33      AC: 14    Str: 22    XL:     5   Next: 85%
Magic:  5/5        EV:  9    Int:  8    God:
Gold:   104        SH:  7    Dex:  9    Spells: 4/4 levels left

rFire   . . .        Y - +0 war axe
rCold   . . .        a - +3 warlock's mirror {omnireflect}
rNeg    + + .        b - +0 scale mail
rPois   inf          i - +0 helmet
rElec   +            (no cloak)
rCorr   .            g - +0 pair of gloves
SInv    .            e - +0 pair of boots
Will    .....        (no amulet) Stlth
                     n - ring of positive energy
HPRegen 0.25/turn    (no ring)
MPRegen 0.09/turn

%: reflection
@: no status effects
A: sickness immunity, AC +4, negative energy resistance 1, electricity
resistance, torment resistance 1, petrification resistance
a: no special abilities


You were on level 4 of the Dungeon.
You visited 1 branch of the dungeon, and saw 4 of its levels.

You collected 104 gold pieces.


Innate Abilities, Weirdness & Mutations

You are immune to sickness and miasma.
Your stone body is resilient. (AC +4)
You are immune to poison.
You resist negative energy. (rN+)
You are resistant to electric shocks. (rElec)
You are resistant to unholy torment.
You are immune to petrification.


   Skills:
 + Level 3.8 Fighting
 - Level 5.1 Axes
 - Level 3.2 Armour
 - Level 3.2 Shields


You had 4 spell levels left.
You didn't know any spells.
Your spell library was empty.

Inventory:

Hand Weapons
 k - a +0 mace
 Y - a +0 war axe (weapon)
Armour
 a - the +3 warlock's mirror (worn) {omnireflect}
   (You acquired it on level 2 of the Dungeon)

   Omnireflect: It can block and reflect piercing ranged attacks and magical
   attacks against the wielder's willpower.
 b - a +0 scale mail (worn)
 e - a +0 pair of boots (worn)
 g - a +0 pair of gloves (worn)
 i - a +0 helmet (worn)
 l - a +0 tower shield
Jewellery
 n - a ring of positive energy (left hand)
Scrolls
 m - a scroll of teleportation {unknown}
 p - a scroll of identify
Potions
 c - a potion of curing {unknown}
 d - a potion of might
 f - a potion of magic {unknown}
 h - a potion of ambrosia {unknown}
 j - a potion of heal wounds {unknown}
 o - 2 potions of berserk rage {unknown}
 q - a potion of haste {unknown}

Dungeon Overview and Level Annotations

Branches:
Dungeon (4/15)
 Temple: D:4-7

Altars:
Nemelex Xobeh

Shops:
D:1 *


Message History

The gnoll bouda hits you with a +0 whip!
You hit the gnoll bouda but do no damage.
The gnoll bouda is moderately wounded.
You closely miss the gnoll. The gnoll hits you but does no damage.
The gnoll bouda hits you with a +0 whip.
You barely miss the gnoll bouda.
The gnoll bouda is moderately wounded.
You hit the gnoll but do no damage. The gnoll barely misses you.
The gnoll bouda closely misses you. The gnoll hits you but does no damage.
You closely miss the gnoll bouda.
The gnoll bouda is moderately wounded.
You hit the gnoll.
Your attacks no longer feel as feeble.
The gnoll bouda hits you with a +0 whip.
You block the gnoll's attack.
A gnoll comes into view. It is wielding a +0 club.
The gnoll bouda hits you with a +0 whip.
You slash the gnoll!
You kill the gnoll!
You hit the gnoll bouda.
The gnoll bouda barks out a call to the hunt!
The gnoll picks up the pace!
You hit the gnoll bouda.
The gnoll bouda is moderately wounded.
A gnoll comes into view. It is wielding a +0 halberd.
You block the gnoll bouda's attack. You block the gnoll's attack.
You closely miss the gnoll bouda.
The gnoll bouda is moderately wounded.
You hit the gnoll.
The gnoll bouda hits you with a +0 whip.
The gnoll hits you with a +0 club.
You hit the gnoll bouda.
The gnoll bouda is heavily wounded.
You hit the gnoll.
The gnoll hits you from afar with a +0 halberd.
The gnoll hits you but does no damage.
The gnoll hits you from afar with a +0 halberd!
You die...

... #.# ###.#
#...# #.#.. #..g#
#g.# ##g@#######
#.........#
#...#####.# #...#
#.# #...# #.# # #
#.>.# #.# .# #
#...# #.# ###.# #
#..)# #.# #...# #
#...#####.###...#
#


You could see a gnoll bouda and 2 gnolls.

Vanquished Creatures
  A hound (D:4)
  Jessica (D:2)
  2 gnolls (D:4)
  5 adders
  2 worms
  3 dart slugs
  6 ball pythons
  7 endoplasms
  3 giant cockroaches
  5 hobgoblins
  6 jackals (D:1)
  4 quokkas
  7 bats
  7 frilled lizards
  5 goblins
  8 kobolds
  7 rats
79 creatures vanquished.

Notes
Turn   | Place    | Note
-------+----------+-------------------------------------------
     0 | D:1      | qw the Gargoyle Fighter began the quest for the Orb.
     0 | D:1      | Reached XP level 1. HP: 14/14 MP: 1/1
     0 | D:1      | 0 ||| qw: Version: 0.2-a-29-g767f381
     0 | D:1      | 0 ||| qw: Game counter: 3877
     0 | D:1      | 0 ||| qw: Always use a shield: true
     0 | D:1      | 0 ||| qw: God list: Okawaru
     0 | D:1      | 0 ||| qw: Allow faded altars: false
     0 | D:1      | 0 ||| qw: Do Orc after D:15 true
     0 | D:1      | 0 ||| qw: Do second Lair branch before Depths: true
     0 | D:1      | 0 ||| qw: Lair rune preference: random
     0 | D:1      | 0 ||| qw: Plans: Normal, Zot:1-4, Slime:5, God:TSO, Crypt,
                  | Tomb, Abyss, Pan, Hells, Win
     0 | D:1      | 0 ||| PLANNING D:1-11
    10 | D:1      | Found Xehyi's Assorted Antiques.
    25 | D:1      | Reached skill level 2 in Axes
    28 | D:1      | 28 ||| SHOPLISTING pair of boots (103 gold, have 0).
    28 | D:1      | 28 ||| SHOPLISTING puce potion (20 gold, have 0).
    28 | D:1      | 28 ||| SHOPLISTING scroll labelled POGUSTUGH (23 gold, have
                  | 0).
   113 | D:1      | Reached XP level 2. HP: 17/19 MP: 2/2
   283 | D:1      | 283 ||| Stepping ~*~*~tactically~*~*~ (stealth).
   371 | D:1      | Reached skill level 3 in Axes
   394 | D:1      | Reached XP level 3. HP: 21/23 MP: 3/3
   601 | D:1      | 601 ||| DROPPING +0 whip.
   646 | D:1      | 646 ||| UPGRADING to +0 pair of boots.
   651 | D:1      | 651 ||| UPGRADING to +0 helmet.
   656 | D:1      | 656 ||| READING scroll labelled LAGYIP MOOWKA.
   687 | D:2      | 687 ||| Stepping ~*~*~tactically~*~*~ (stealth).
   743 | D:2      | Found a faded altar of an unknown god.
   838 | D:2      | 838 ||| Stepping ~*~*~tactically~*~*~ (stealth).
   839 | D:2      | 839 ||| Stepping ~*~*~tactically~*~*~ (stealth).
   845 | D:2      | Noticed Jessica
   850 | D:2      | Killed Jessica
   851 | D:2      | Reached skill level 4 in Axes
   851 | D:2      | Reached XP level 4. HP: 22/28 MP: 4/4
  1098 | D:2      | 1098 ||| Stepping ~*~*~tactically~*~*~ (hiding).
  1208 | D:2      | 1208 ||| Stepping ~*~*~tactically~*~*~ (stealth).
  1536 | D:2      | 1536 ||| UPGRADING to +0 pair of gloves.
  1541 | D:2      | 1541 ||| UPGRADING to ring of positive energy.
  1542 | D:2      | 1542 ||| READING scroll labelled ZEMPICKEAZE.
  1543 | D:2      | 1543 ||| READING scroll labelled XIOLAM RAOF.
  1544 | D:2      | 1544 ||| READING scroll labelled REKHETHR SOLO.
  1545 | D:2      | 1545 ||| READING scroll labelled SUJO OCVISE.
  1545 | D:2      | Identified a scroll of acquirement
  1545 | D:2      | 1545 ||| ACQUIRING +3 warlock's mirror {omnireflect}
  1545 | D:2      | Acquired the +3 warlock's mirror {omnireflect}
  1545 | D:2      | Found the +3 warlock's mirror {omnireflect}
  1547 | D:2      | 1547 ||| UPGRADING to +3 warlock's mirror {omnireflect}.
  1557 | D:2      | 1557 ||| DROPPING +0 buckler.
  1611 | D:3      | Reached XP level 5. HP: 32/32 MP: 5/5
  1644 | D:3      | Found a sparkling altar of Nemelex Xobeh.
  1945 | D:3      | 1945 ||| Stepping ~*~*~tactically~*~*~ (hiding).
  1948 | D:3      | 1948 ||| Stepping ~*~*~tactically~*~*~ (hiding).
  1950 | D:3      | 1950 ||| Stepping ~*~*~tactically~*~*~ (hiding).
  2499 | D:4      | Reached skill level 5 in Axes
  2664 | D:4      | HP: 5/33 [gnoll/+0 halberd[a gnoll bouda] (4)]
  2664 | D:4      | Slain by a gnoll

Levels and vault maps discovered:
D:1:      mrwooster_arrival_statue_2, layout_basic, serial_shops, shop
D:2:      layout_loops_ring, shapermc_ecumenical_altar_acropolis,
          minmay_indecisive_spiral, uniq_jessica
D:3:      layout_loops_ring, mainiacjoe_overflow_24_doors
D:4:      layout_loops_ring, gammafunk_temple_overflow_pools,
          serial_bayou_crossing

Skill      XL: |  1  2  3  4  5 |
---------------+----------------+-----
Axes           | 2 3 4 5 |  5.1
Fighting       | |  3.8
Armour         | |  3.2
Shields        | |  3.2

Action                     |  1- 3 |  4- 6 || total
---------------------------+-------+-------++-------
  Melee: War axe           |    95 |   108 ||   203
    Use: Scroll            |     1 |     4 ||     5
 Armour: Scale mail        |    50 |    47 ||    97
  Dodge: Dodged            |    48 |    42 ||    90
  Block: Buckler           |     8 |    22 ||    30
         Reflection        |       |     1 ||     1

Table legend:
 A = Non-vault XP
 B = Vault XP
 C = Vault XP percentage of total XP
 D = Non-vault monster count
 E = Vault monster count
 F = Vault count percentage of total count
                 A         B        C        D         E       F
            +---------+---------+-------+---------+---------+-------
      Total |     254 |      42 |  14.2 |      74 |       5 |   6.3
            +---------+---------+-------+---------+---------+-------
        D:1 |      41 |       0 |   0.0 |      25 |       0 |   0.0
        D:2 |      65 |      42 |  39.3 |      26 |       5 |  16.1
        D:3 |      57 |       0 |   0.0 |      15 |       0 |   0.0
        D:4 |      91 |       0 |   0.0 |       8 |       0 |   0.0
            +---------+---------+-------+---------+---------+-------
